 Dungeon Crawl Stone Soup version 0.31-a0-1496-g79c7dd0eeb (webtiles) character file.

Game seed: 9150742727552339623

225293 Flugkiller the Warrior (level 19, -1/240 HPs)
             Began as an Oni Chaos Knight on Dec 29, 2023.
             Was a Plaything of Xom.
             Slain by the 27-headed Lernaean hydra (8 damage)
             ... on level 4 of the Swamp.
             The game lasted 00:54:06 (39652 turns).

Flugkiller the Warrior (Oni Chaos Knight)          Turns: 39652, Time: 00:54:07

Health: -1/240     AC: 17    Str: 21    XL:     19   Next: 32%
Magic:  15/32      EV:  9    Int: 21    God:    Xom [......]
Gold:   4332       SH: 20    Dex:  8    Spells: 22/32 levels left

rFire   + . .        P - +12 spear "Goonlot" {flame, *Rage rElec rCorr Int-4}
rCold   . . .        z - +0 tower shield
rNeg    + . .        S - +5 robe of Night {Dark Will+ SInv}
rPois   +            Z - +2 hood of the Assassin {Detect Stab+ Stlth++}
rElec   +            b - +2 cloak "Zeriana" {rN+}
rCorr   +            (gloves unavailable)
SInv    +            (boots unavailable)
Will    ++++.        u - amulet of reflection
Stlth   +++          y - ring of the Vendetta {rC+ AC+4 Dex+2}
HPRegen 0.60/turn    v - ring of fire
MPRegen 0.23/turn

%: reflection, clarity
@: about to teleport
A: large, unfitting armour, horns 1, tough skin 1, double potion healing,
drunken brawling, clarity, clever 2, high MP 1, strong-willed 2, sense
surroundings 1, poison resistance, robust 1, screaming 1, teleportitis 1,
evolution 1, MP-powered wands, noise suppression
}: 1/15 runes: serpentine
a: Renounce Religion


You were on level 4 of the Swamp.
You worshipped Xom.
You were a very special plaything of Xom.
You visited 5 branches of the dungeon, and saw 30 of its levels.
You also visited: Gauntlet and Ice Cave.

You collected 5326 gold pieces.
You spent 994 gold pieces at shops.

Inventory:

Hand Weapons
 P - the +12 spear "Goonlot" (weapon) {flame, *Rage rElec rCorr Int-4}
   (You found it on level 1 of the Lair of Beasts)

   Int-4:     It affects your intelligence (-4).
   rElec:     It insulates you from electricity.
   *Rage:     It berserks you when you make melee attacks (+20% chance).
   rCorr:     It protects you from acid and corrosion.
Missiles
 j - 9 curare-tipped darts (quivered)
 G - 4 throwing nets
Armour
 b - the +2 cloak "Zeriana" (worn) {rN+}
   (You found it on level 5 of the Lair of Beasts)

   rN+:       It protects you from negative energy.
 z - a +0 tower shield (worn)
   (You took it off a naga warrior on level 4 of the Snake Pit)
 A - a scarf of resistance
   (You found it on level 1 of the Dungeon)
 B - a +0 hat of willpower
   (You found it in a Gauntlet)
 J - +0 swamp dragon scales
   (You found it on level 2 of the Swamp)
 R - a +0 kite shield of protection
   (You took it off a naga warrior on level 2 of the Snake Pit)
 S - the +5 robe of Night (worn) {Dark Will+ SInv}
   (You found it in a Gauntlet)

   Dark:      It shrouds the wearer in darkness, reducing the range at which
   they can see and be seen by others.
   Will+:     It increases your willpower.
   SInv:      It lets you see invisible.
 Z - the +2 hood of the Assassin (worn) {Detect Stab+ Stlth++}
   (You found it on level 4 of the Swamp)

   Detect:    It allows the wearer to sense nearby creatures.
   Stab+:     It allows the wearer to make particularly effective stabbing
   attacks against helpless or unaware enemies with any weapon.
   Stlth++:   It makes you much more stealthy.
Jewellery
 p - a +6 ring of dexterity
   (You bought it in a shop on level 2 of the Orcish Mines)
 u - an amulet of reflection (around neck)
   (You found it on level 10 of the Dungeon)
 v - a ring of fire (right hand)
   (You found it on level 5 of the Dungeon)
 x - the amulet "Caawo" {rN+ Regen+}
   (You acquired it on level 4 of the Dungeon)

   [amulet of regeneration]

   rN+:       It protects you from negative energy.
   Regen+:    It increases your rate of health regeneration.
 y - the ring of the Vendetta (left hand) {rC+ AC+4 Dex+2}
   (You took it off a centaur warrior on level 11 of the Dungeon)

   [ring of protection]

   AC+4:      It affects your AC (+4).
   Dex+2:     It affects your dexterity (+2).
   rC+:       It protects you from cold.
 C - the amulet of the Four Winds {rN+ Will+++ Clar}
   (You found it on level 1 of the Snake Pit)

   [amulet of nothing]

   rN+:       It protects you from negative energy.
   Will+++:   It greatly increases your willpower.
   Clar:      It protects you from confusion, rage, mesmerisation and fear.
 E - the ring "Uckyix" {rC+ Dex+2}
   (You found it on level 8 of the Dungeon)

   [ring of protection from cold]

   Dex+2:     It affects your dexterity (+2).
   rC+:       It protects you from cold.
 O - the ring of Cuekul {rElec rPois SInv Stlth+}
   (You took it off a minotaur in a Gauntlet)

   [ring of poison resistance]

   rElec:     It insulates you from electricity.
   rPois:     It protects you from poison SInv: It lets you see invisible.
   Stlth+:    It makes you more stealthy.
 V - a ring of resist corrosion
   (You found it in a Gauntlet)
Talismans
 F - the serpent talisman "Anwiv" {rElec Will+ Str+4 Dex-2}
   (You took it off Aizul on level 2 of the Swamp)

   [serpent talisman]

   Str+4:     It affects your strength (+4).
   Dex-2:     It affects your dexterity (-2).
   rElec:     It insulates you from electricity.
   Will+:     It increases your willpower.
Wands
 k - a wand of charming (16)
   (Xom gifted it to you on level 10 of the Dungeon)
 m - a wand of iceblast (21)
   (You found it on level 4 of the Dungeon)
 L - a wand of flame (19)
   (You found it on level 15 of the Dungeon)
 N - a wand of polymorph (10)
   (You found it on level 1 of the Lair of Beasts)
 Y - a wand of digging (5)
   (You found it on level 3 of the Snake Pit)
Scrolls
 e - 3 scrolls of enchant armour
 o - 2 scrolls of immolation
 r - 5 scrolls of identify
 s - 3 scrolls of vulnerability
 t - 4 scrolls of teleportation
 w - a scroll of amnesia
 H - 5 scrolls of fog
 I - 5 scrolls of poison
 Q - a scroll of acquirement
 W - a scroll of torment
Potions
 a - a potion of enlightenment
 c - 6 potions of mutation
 d - a potion of might
 f - 3 potions of attraction
 g - 6 potions of cancellation
 h - 2 potions of haste
 n - a potion of resistance
 q - 3 potions of curing
 D - 2 potions of lignification
 M - 5 potions of brilliance
Miscellaneous
 i - a phial of floods (inert)
   (You found it in a Gauntlet)
 l - a condenser vane
   (Xom gifted it to you on level 14 of the Dungeon)
 K - a box of beasts (inert)
   (You found it on level 11 of the Dungeon)
 T - a lightning rod (3/4)
   (You found it in a Gauntlet)


   Skills:
 - Level 20.0 Fighting
 - Level 4.0 Maces & Flails
 - Level 8.0 Polearms
 - Level 5.8 Dodging
 - Level 12.0 Shields
 - Level 13.4 Unarmed Combat
 - Level 7.0 Spellcasting
 - Level 15.0 Summonings
 - Level 7.0 Air Magic
 - Level 12.0 Evocations
 + Level 6.9 Shapeshifting


You had 22 spell levels left.
You knew the following spells:

 Your Spells              Type           Power      Damage    Failure   Level
a - Summon Lightning Spi  Summ/Air       52%        N/A       3%          4
b - Summon Cactus Giant   Summ           31%        N/A       10%         6

Your spell library contained the following spells:

 Spells                   Type           Power      Damage    Failure   Level
 Call Imp                 Summ           100%       N/A       1%          2
 Summon Ice Beast         Ice/Summ       38%        N/A       4%          3
 Swiftness                Air            36%        N/A       4%          3
 Mercury Vapours          Alch/Air       44%        N/A       11%         2
 Static Discharge         Conj/Air       44%        3-5/arc   11%         2
 Animate Armour           Summ/Erth      76%        N/A       14%         4
 Airstrike                Air            18%        2d(3-19)  17%         4
 Slow                     Hex            28%        N/A       30%         1
 Sting                    Conj/Alch      28%        1d4       30%         1
 Mephitic Cloud           Conj/Alch/Air  17%        N/A       34%         3
 Summon Mana Viper        Hex/Summ       38%        N/A       36%         5
 Ensorcelled Hibernation  Hex/Ice        14%        N/A       41%         2
 Jinxbite                 Hex            14%        N/A       41%         2
 Scorch                   Fire           22%        2d5       41%         2
 Sublimation of Blood     Necr           7%         N/A       41%         2
 Monstrous Menagerie      Summ           31%        N/A       47%         7
 Summon Hydra             Summ           31%        N/A       47%         7
 Confusing Touch          Hex            7%         N/A       65%         3
 Dazzling Flash           Conj/Hex       14%        N/A       65%         3
 Gell's Gravitas          Tloc           7%         N/A       65%         3
 Inner Flame              Hex/Fire       11%        N/A       65%         3
 Passwall                 Erth           7%         N/A       65%         3
 Sigil of Binding         Hex            7%         N/A       65%         3
 Stone Arrow              Conj/Erth      14%        3d7       65%         3
 Teleport Other           Tloc           7%         N/A       65%         3
 Vampiric Draining        Necr           7%         2d6       65%         3
 Silence                  Hex/Air        11%        N/A       89%         5
 Flame Wave               Conj/Fire      11%        2d6       96%         4
 Ignite Poison            Fire/Alch      11%        N/A       96%         4
 Olgreb's Toxic Radiance  Alch           7%         N/A       96%         4
 Sticky Flame             Fire/Alch      11%        2d5       96%         4
 Curse of Agony           Necr           7%         N/A       100%        5
 Yara's Violent Unravell  Hex/Alch       3%         3d4       100%        5
 Dispersal                Tloc           3%         N/A       100%        6
 Enfeeble                 Hex            3%         N/A       100%        7
 Ignition                 Fire           5%         3d4       100%        8
 Lehudib's Crystal Spear  Conj/Erth      3%         10d3      100%        8


Dungeon Overview and Level Annotations

Branches:
Dungeon (15/15) Zot: 25717  Temple (0/1) D:7            Lair (5/5) D:8 Zot: 23807
  Swamp (4/4) Lair:2 Zot: 19156   Snake (4/4) Lair:3 Zot: 15392   Slime (0/5) Lair:5
    Orc (2/2) D:11 Zot: 8978     Elf (0/3) Orc:2        Vaults (0/5) D:14
 Depths (0/4) D:15          IceCv (visited)         Gauntlet (visited)

Altars:
Cheibriados
Dithmenos
Elyvilon
Fedhas
Gozag
Kikubaaqudgha
Nemelex Xobeh
Okawaru
Qazlal
Sif Muna
Trog
Vehumet
Xom
Zin
Jiyva

Shops:
D:5 ?   D:11 *   D:15 !   Orc:2 :!*(   Snake:4 (

Annotations:
D:6 Edmund
Swamp:2 1 runed translucent door, exclusion: door, TobyConnect's ghost, adept TeAE
Swamp:3 1 runed translucent door, exclusion: door, makewrite's ghost, adept MiFi
Swamp:4 Lernaean hydra; Mara


Innate Abilities, Weirdness & Mutations

You are too large for most types of armour.
You have a pair of small horns on your head.
You have tough skin. (AC +1)
You gain doubled healing and magic from potions.
Whenever you drink a healing potion, you attack all around you.
You possess an exceptional clarity of mind.
Your mind is very acute. (Int +8, Str/Dex -2)
You have an increased reservoir of magic. (+10% MP)
You are highly strong-willed. (Will++)
You passively map a small area around you.
Your system is resistant to poisons. (rPois)
You are robust. (+10% HP)
You occasionally shout uncontrollably at your foes.
You are occasionally teleported next to monsters.
You have hidden genetic potential.
You expend magic power (3 MP) to strengthen your wands.
You passively dampen the noise of your surroundings.


Message History

Xom plays with reality for a moment.
The 27-headed Lernaean hydra easily resists.
The eight-headed hydra resists with some effort.
The swamp worm flies into a frenzy!
You are now a very special plaything of Xom.
The swamp worm bites the eight-headed hydra!
Something misses the swamp worm.
Something claws the swamp worm!
The swamp worm dies!
The 27-headed Lernaean hydra bites you.
You block the 27-headed Lernaean hydra's attack. x2
The 27-headed Lernaean hydra barely misses you.
You block the 27-headed Lernaean hydra's attack.
The 27-headed Lernaean hydra barely misses you.
The 27-headed Lernaean hydra bites you. The 27-headed Lernaean hydra bites you!
You block the 27-headed Lernaean hydra's attack.
The 27-headed Lernaean hydra barely misses you.
The 27-headed Lernaean hydra closely misses you.
The 27-headed Lernaean hydra barely misses you.
The 27-headed Lernaean hydra bites you but does no damage.
The 27-headed Lernaean hydra bites you!
The 27-headed Lernaean hydra bites you. x2
The 27-headed Lernaean hydra closely misses you.
The 27-headed Lernaean hydra bites you. x4
The 27-headed Lernaean hydra barely misses you.
The 27-headed Lernaean hydra bites you but does no damage.
The 27-headed Lernaean hydra bites you.
The 27-headed Lernaean hydra bites you but does no damage.
The 27-headed Lernaean hydra bites you!
* * * LOW HITPOINT WARNING * * *
The 27-headed Lernaean hydra bites you!
* * * LOW HITPOINT WARNING * * *
Unknown command.
As you read the scroll of fear, it crumbles to dust.
You assume a fearsome visage.
The 27-headed Lernaean hydra resists with some effort.
The eight-headed hydra resists with some effort.
The 27-headed Lernaean hydra bites you!
* * * LOW HITPOINT WARNING * * *
The 27-headed Lernaean hydra bites you but does no damage. x2
The 27-headed Lernaean hydra barely misses you.
The 27-headed Lernaean hydra bites you.
* * * LOW HITPOINT WARNING * * *
You block the 27-headed Lernaean hydra's attack.
The 27-headed Lernaean hydra bites you but does no damage.
You block the 27-headed Lernaean hydra's attack.
The 27-headed Lernaean hydra bites you!
* * * LOW HITPOINT WARNING * * *
You block the 27-headed Lernaean hydra's attack.
The 27-headed Lernaean hydra bites you.
* * * LOW HITPOINT WARNING * * *
The 27-headed Lernaean hydra closely misses you.
The 27-headed Lernaean hydra bites you but does no damage. x2
The 27-headed Lernaean hydra bites you!
* * * LOW HITPOINT WARNING * * *
The 27-headed Lernaean hydra bites you.
* * * LOW HITPOINT WARNING * * *
You block the 27-headed Lernaean hydra's attack.
The 27-headed Lernaean hydra bites you but does no damage. x3
The 27-headed Lernaean hydra bites you.
* * * LOW HITPOINT WARNING * * *
The 27-headed Lernaean hydra bites you.
* * * LOW HITPOINT WARNING * * *
The 27-headed Lernaean hydra closely misses you.
The 27-headed Lernaean hydra bites you but does no damage. x4
You take a swig of the potion and twirl the +12 spear "Goonlot" {flame, *Rage rElec rCorr Int-4}.
You impale the 27-headed Lernaean hydra!!
You burn the 27-headed Lernaean hydra.
The 27-headed Lernaean hydra is moderately wounded.
You puncture the eight-headed hydra! You burn the eight-headed hydra.
The eight-headed hydra is severely wounded.
You savour every drop.
You feel better.
You feel your willpower return.
The 27-headed Lernaean hydra bites you but does no damage.
The 27-headed Lernaean hydra barely misses you.
You block the 27-headed Lernaean hydra's attack.
The 27-headed Lernaean hydra bites you but does no damage. x2
The 27-headed Lernaean hydra closely misses you.
You block the 27-headed Lernaean hydra's attack.
The 27-headed Lernaean hydra bites you.
* * * LOW HITPOINT WARNING * * *
The 27-headed Lernaean hydra bites you.
* * * LOW HITPOINT WARNING * * *
The 27-headed Lernaean hydra bites you but does no damage.
You block the 27-headed Lernaean hydra's attack.
The 27-headed Lernaean hydra bites you but does no damage.
You block the 27-headed Lernaean hydra's attack.
The 27-headed Lernaean hydra bites you.
* * * LOW HITPOINT WARNING * * *
The 27-headed Lernaean hydra bites you but does no damage.
The 27-headed Lernaean hydra bites you!
* * * LOW HITPOINT WARNING * * *
The 27-headed Lernaean hydra bites you.
* * * LOW HITPOINT WARNING * * *
The 27-headed Lernaean hydra bites you!
* * * LOW HITPOINT WARNING * * *
The 27-headed Lernaean hydra barely misses you.
The 27-headed Lernaean hydra bites you but does no damage.
The 27-headed Lernaean hydra misses you.
The 27-headed Lernaean hydra bites you!
You die...
Xom cackles wildly!

** , * * #≈~### ≈≈#
~ * ~ ##.~≈≈##≈≈≈≈#~
##≈§≈#
#≈~.~≈#≈≈§#≈.≈##≈.#≈
≈≈°°≈~#≈#≈.≈~.~≈≈.≈
*
≈§°°#~≈~#~≈~..≈.≈≈*
#≈°°kw~.~~..~.≈≈≈#
#≈°°DD~~≈≈≈..≈~#@#
#≈kDD~~.≈#...≈DD##
#≈?..##~≈≈~#~~.≈#
≈~#.#≈ ~#.≈§.#D##
#≈#.≈≈≈##≈≈~~≈.~≈#
#~≈.≈~## ~.#.≈.≈...#
~ ~ ≈#≈.~.≈≈.## * ~
,~.~.....D# * ~
≈~≈.≈§...#


You could see the 27-headed Lernaean hydra, an eight-headed hydra and a swamp
dragon.

Vanquished Creatures
  Jorgrun (Orc:2)
  Rupert (D:14)
  Frances (Swamp:2)
  Kirke (Snake:3)
  A thorn hunter (Swamp:4)
  4 nagarajas
  2 orc warlords (Orc:1)
  2 very ugly things (IceCv)
  6 eleionomae
  2 minotaurs
  5 bunyips
  A fire dragon (D:11)
  An ettin (Snake:4)
  Harold (Orc:1)
  A shambling mangrove (Swamp:2)
  Erolcha (D:10)
  4 vault guards (D:14)
  4 alligators
  2 catoblepae
  A spriggan air mage (Swamp:3)
  3 ogre magi
  A ghost crab (Swamp:1)
  18 anacondas
  Erica (Orc:1)
  11 hydras
  16 centaur warriors
  4 tengu warriors
  10 two-headed ogres
  2 alligator snapping turtles (Snake:4)
  3 boulder beetles
  2 hell hogs (Lair:5)
  11 naga warriors
  An orc high priest (Orc:2)
  A vampire mage (D:15)
  3 naga sharpshooters
  2 shock serpents (Snake:4)
  Urug (Lair:1)
  A skyshark (Lair:3)
  6 spriggans
  6 skeletal warriors (D:15)
  4 salamander mystics
  3 bunyip zombies (Swamp:2)
  2 spriggan druids
  4 goliath frogs
  A storm dragon skeleton (D:15)
  2 sea snakes (Snake:4)
  5 naga ritualists
  2 lindwurms
  4 bog bodies
  A swamp dragon (Swamp:4)
  4 orc knights
  Pikel (D:8)
  2 necromancers
  16 mana vipers
  4 manticores
  2 deep elf pyromancers
  A will-o-the-wisp (Swamp:4)
  5 ugly things (D:14)
  4 cyclopes
  8 salamanders
  2 elephants (Lair:5)
  26 black mambas
  A rust devil (Gauntlet)
  5 kobold blastminers (Orc:2)
  6 guardian serpents
  Maurice (D:11)
  13 naga magi
  10 cane toads
  An eye of devastation (Swamp:4)
  A molten gargoyle (Lair:5)
  Maggie (D:10)
  3 gargoyles
  2 unseen horrors
  16 komodo dragons
  4 rime drakes
  5 freezing wraiths
  An anaconda simulacrum (IceCv)
  3 yaktaurs (D:14)
  3 tengu conjurers
  2 efreet
  A hydra zombie (Swamp:2)
  A tormentor (D:7)
  10 trolls
  3 tyrant leeches
  16 hornets
  3 polar bears
  10 nameless horrors
  A wind drake (shapeshifter) (D:13)
  2 hornets (shapeshifter)
  17 blink frogs
  5 dream sheep (Lair:4)
  A snapping turtle (Snake:4)
  A spriggan zombie (D:15)
  A glass eye (Swamp:3)
  11 slime creatures
  2 centaur simulacra (D:11)
  A spriggan (shapeshifter) (D:10)
  8 shadows
  A human (D:14)
  37 yaks
  4 wyverns
  3 wraiths (D:11)
  Grum (D:8)
  A ynoxinul (Gauntlet)
  2 dire elephant simulacra (IceCv)
  3 wargs
  A redback (Snake:4)
  A hog (Snake:3)
  8 vampire mosquitoes
  9 basilisks
  A steam dragon (D:6)
  30 nagas
  A swamp worm (shapeshifter) (Orc:2)
  6 acid dragons
  11 swamp worms
  4 hell hounds (Lair:5)
  A hydra simulacrum (Swamp:2)
  20 orc warriors
  4 water moccasins
  2 swamp drakes (Swamp:4)
  2 ice beasts
  2 black bears (D:6)
  15 ogres
  2 sky beasts
  A swamp dragon zombie (Swamp:2)
  27 wolves
  13 centaurs
  A phantom (D:4)
  2 lemures (D:7)
  2 kobold brigands (D:9)
  18 bullfrogs
  5 scorpions
  A gnoll sergeant (D:8)
  4 wights (D:8)
  9 killer bees (D:8)
  A swamp dragon simulacrum (Swamp:2)
  A lindwurm simulacrum (IceCv)
  5 howler monkeys
  4 electric eels
  8 lava snakes
  9 jellies
  4 iron imps (Gauntlet)
  4 hounds
  12 orc priests
  A sleepcap (D:8)
  7 iguanas
  Jessica (D:2)
  24 orc wizards
  Robin (D:3)
  4 gnolls (D:8)
  5 adders
  A shadow imp (D:6)
  A white imp (D:6)
  2 ufetubi (D:6)
  A worm (D:4)
  2 dart slugs
  49 orcs
  7 bats
  7 endoplasms
  2 giant cockroaches
  5 goblins
  9 hobgoblins
  3 jackals
  5 quokkas
  3 ball pythons (D:2)
  3 frilled lizards
  8 kobolds
  7 rats
  A spectral weapon (Snake:3)
882 creatures vanquished.

Vanquished Creatures (collateral kills)
  Nikola (Swamp:2)
  An acid blob (shapeshifter) (Snake:2)
  Aizul (Swamp:2)
  3 nagarajas (Snake:4)
  2 bunyips
  A shambling mangrove (Swamp:4)
  A salamander tyrant (Snake:3)
  5 hydras
  An alligator (Swamp:2)
  A centaur warrior (D:9)
  An alligator snapping turtle (Snake:4)
  4 anacondas
  A naga warrior (Snake:3)
  2 two-headed ogres
  A shock serpent (Snake:4)
  2 naga sharpshooters (Snake:2)
  A fire crab (Lair:5)
  A goliath frog (Swamp:3)
  9 sea snakes (Snake:4)
  3 swamp dragons
  2 deep trolls (Orc:2)
  A bog body (Swamp:4)
  An arcanist (D:14)
  A naga ritualist (Snake:1)
  A mana viper (Snake:2)
  4 salamanders
  8 guardian serpents (Snake:4)
  2 kobold blastminers (Orc:2)
  An elephant (Lair:5)
  3 black mambas
  A molten gargoyle (Lair:5)
  7 naga magi
  A komodo dragon (Lair:5)
  An anaconda simulacrum (IceCv)
  A troll (Orc:2)
  5 hornets
  A nameless horror (Swamp:4)
  A tyrant leech (Swamp:3)
  2 blink frogs
  A snapping turtle (Snake:4)
  A dire elephant simulacrum (IceCv)
  A slime creature (D:14)
  2 spriggans
  2 wyverns (Lair:5)
  4 yaks
  2 hogs (Snake:3)
  A basilisk (Lair:4)
  2 wargs (Orc:1)
  A harpy simulacrum (IceCv)
  4 swamp worms
  8 nagas
  A hydra simulacrum (IceCv)
  A swamp drake (Swamp:4)
  3 orc warriors (Orc:2)
  2 swamp dragon zombies (Swamp:2)
  An ogre (Orc:2)
  4 wolves
  An orc wizard (Orc:2)
  5 orcs
  2 kobolds
135 creatures vanquished.

Vanquished Creatures (others)
  An eldritch tentacle (Snake:4)
  A naga warrior (Snake:4)
  A dancing weapon (Snake:1)
  A sea snake (Snake:4)
  A swamp dragon (Swamp:4)
  3 trolls (Orc:2)
  A bloated husk (Swamp:4)
  A swamp worm (Swamp:4)
  A swamp drake (Swamp:4)
  2 ogres (Orc:2)
  An orc priest (Orc:2)
  An orc wizard (D:11)
  An orc (Orc:2)
  2 foxfires (Swamp:4)
18 creatures vanquished.

Grand Total: 1035 creatures vanquished

Notes
Turn   | Place    | Note
-------+----------+-------------------------------------------
     0 | D:1      | Flugkiller the Oni Chaos Knight began the quest for the
                  | Orb.
     0 | D:1      | Reached XP level 1. HP: 24/24 MP: 1/1
    19 | D:1      | XOM: silly message
    89 | D:1      | XOM: smoke on damage
   124 | D:1      | Reached XP level 2. HP: 33/33 MP: 2/2
   223 | D:1      | XOM: noise
   481 | D:1      | Reached XP level 3. HP: 39/40 MP: 3/3
   785 | D:2      | Reached skill level 5 in Fighting
   867 | D:2      | Noticed Jessica
   875 | D:2      | XOM: noise
   876 | D:2      | Killed Jessica
   877 | D:2      | Reached XP level 4. HP: 37/50 MP: 4/4
   906 | D:2      | XOM: cloud trail
   975 | D:2      | XOM is BORED!
   975 | D:2      | XOM: noise
  1123 | D:2      | XOM: give mutations
  1123 | D:2      | Gained mutation: You are agile. (Dex +4, Str/Int -1) [Xom's
                  | grace]
  1123 | D:2      | Gained mutation: Your system is resistant to poisons.
                  | (rPois) [Xom's grace]
  1123 | D:2      | Gained mutation: You are very agile. (Dex +8, Str/Int -2)
                  | [Xom's grace]
  1195 | D:3      | XOM: give mutations
  1195 | D:3      | Gained mutation: You are partially covered in iridescent
                  | scales. (AC +2) [Xom's mischief]
  1195 | D:3      | Gained mutation: You occasionally lose the ability to drink
                  | potions when taking damage. [Xom's mischief]
  1195 | D:3      | Lost mutation: You are very agile. (Dex +8, Str/Int -2)
                  | [Xom's mischief]
  1253 | D:3      | Found an iron altar of Okawaru.
  1307 | D:3      | XOM is BORED!
  1549 | D:3      | Noticed Robin
  1557 | D:3      | Killed Robin
  1622 | D:3      | XOM: summons 3 hostile demons
  1839 | D:3      | XOM: 1-stop teleportation journey
  1954 | D:4      | Reached skill level 6 in Fighting
  1954 | D:4      | Reached skill level 1 in Shapeshifting
  1954 | D:4      | Reached XP level 5. HP: 56/59 MP: 5/5
  1982 | D:4      | XOM: smoke on damage
  2151 | D:4      | XOM: 6-stop teleportation journey
  2203 | D:4      | Reached skill level 7 in Fighting
  2203 | D:4      | Reached XP level 6. HP: 47/71 MP: 6/6
  2279 | D:4      | XOM: noise
  2354 | D:4      | XOM: enchant monster (good)
  2355 | D:4      | XOM: confuse monster(s)
  2401 | D:4      | XOM: noise
  2527 | D:4      | XOM: silly message
  2647 | D:4      | Identified 2 scrolls of acquirement
  2648 | D:4      | Acquired the amulet "Caawo" {rN+ Regen+}
  2691 | D:5      | Entered Level 5 of the Dungeon
  2709 | D:5      | Reached skill level 8 in Fighting
  2709 | D:5      | Reached XP level 7. HP: 77/80 MP: 7/7
  2889 | D:5      | Reached skill level 9 in Fighting
  3030 | D:5      | XOM: polymorph orc -> jackal
  3166 | D:5      | Found Iwud's Magic Scroll Shop.
  3169 | D:5      | Bought a scroll of blinking for 105 gold pieces
  3178 | D:5      | XOM: noise
  3200 | D:5      | XOM: give mutation
  3200 | D:5      | Lost mutation: Your system is resistant to poisons. (rPois)
                  | [Xom's mischief]
  3404 | D:6      | XOM: fog
  3434 | D:6      | Reached skill level 10 in Fighting
  3434 | D:6      | Reached XP level 8. HP: 75/93 MP: 8/8
  3438 | D:6      | XOM: cleaving
  3477 | D:6      | XOM: give mutations
  3477 | D:6      | Gained mutation: Your system is resistant to poisons.
                  | (rPois) [Xom's grace]
  3477 | D:6      | Gained mutation: You passively map a small area around you.
                  | [Xom's grace]
  3539 | D:6      | XOM: cleaving
  3540 | D:6      | XOM: fog
  3686 | D:6      | Noticed Edmund
  3811 | D:6      | Reached skill level 11 in Fighting
  3837 | D:6      | XOM: divination: magic mapping
  3890 | D:6      | XOM: enchant monster (good)
  3932 | D:6      | Reached skill level 5 in Shapeshifting
  3968 | D:6      | XOM: summons 1 hostile demon
  4172 | D:7      | XOM: scenery: 1 doors close
  4191 | D:7      | Found an opulent altar of Gozag.
  4293 | D:7      | XOM: destruction
  4309 | D:7      | Reached skill level 12 in Fighting
  4402 | D:7      | Reached XP level 9. HP: 106/106 MP: 9/9
  4439 | D:7      | XOM: polymorph orc priest -> orc priest
  4447 | D:7      | XOM: cast spell 'Cause Fear'
  4571 | D:7      | Found a staircase to the Ecumenical Temple.
  4973 | D:7      | Identified the +5 trident "Lyff" {flame, rC+ rCorr}
  5150 | D:8      | Noticed Pikel
  5152 | D:8      | XOM: stat loss: -1 Dex (11/12)
  5157 | D:7      | XOM: repel stairs
  5281 | D:7      | XOM: silly message
  5284 | D:7      | a lemure changed into a tormentor
  5284 | D:7      | Noticed a tormentor
  5284 | D:7      | XOM: polymorph lemure -> tormentor
  5296 | D:7      | Killed a tormentor
  5315 | D:7      | XOM: give mutations
  5315 | D:7      | Lost mutation: You are agile. (Dex +4, Str/Int -1) [Xom's
                  | mischief]
  5315 | D:7      | Lost mutation: Your system is resistant to poisons. (rPois)
                  | [Xom's mischief]
  5315 | D:7      | Gained mutation: You sometimes lose your temper in combat.
                  | [Xom's mischief]
  5477 | D:8      | Killed Pikel
  5478 | D:8      | Reached skill level 13 in Fighting
  5584 | D:8      | Reached skill level 1 in Polearms
  5593 | D:8      | Identified the +0 quarterstaff of Mourning {chaos, ^Drain
                  | rC++ rCorr SInv}
  5594 | D:8      | XOM: noise
  5612 | D:8      | Found an ancient bone altar of Kikubaaqudgha.
  5613 | D:8      | Found a glowing silver altar of Zin.
  5653 | D:8      | Identified the ring "Uckyix" {rC+ Dex+2}
  5703 | D:8      | Found a stormy altar of Qazlal.
  5717 | D:8      | XOM: noise
  5819 | D:8      | Reached skill level 1 in Shields
  5821 | D:8      | XOM: noise
  5823 | D:8      | XOM: confusion (+ monsters)
  5863 | D:8      | Found a staircase to the Lair.
  5865 | D:8      | Noticed a komodo dragon
  5870 | D:8      | XOM: cast spell 'Disjunction'
  5871 | D:8      | XOM: confuse monster(s)
  5911 | D:8      | XOM: summons 6 friendly demons
  5941 | D:8      | Killed a komodo dragon
  5942 | D:8      | Reached XP level 10. HP: 115/119 MP: 10/10
  5999 | D:8      | XOM: scenery: summon butterflies
  6063 | D:8      | Reached skill level 5 in Shields
  6126 | D:8      | Found a shadowy altar of Dithmenos.
  6455 | D:8      | Found a white marble altar of Elyvilon.
  6542 | D:8      | XOM: noise
  6543 | D:8      | Noticed Grum
  6557 | D:8      | Killed Grum
  6721 | D:8      | XOM: polymorph wolf -> naga
  6751 | D:8      | Found a snail-covered altar of Cheibriados.
  6757 | D:8      | Found a sparkling altar of Nemelex Xobeh.
  6764 | D:8      | Found a shimmering blue altar of Sif Muna.
  6764 | D:8      | Found a bloodstained altar of Trog.
  6892 | D:9      | Noticed a centaur warrior
  6896 | D:9      | XOM: summons 10 friendly demons
  6906 | D:9      | XOM: scenery: summon butterflies
  6909 | D:9      | XOM: enchant monster (good)
  6918 | D:9      | Killed a centaur warrior
  6920 | D:9      | Noticed a centaur warrior
  6921 | D:9      | Noticed a centaur warrior
  6931 | D:9      | XOM: noise
  6938 | D:9      | Killed a centaur warrior
  6942 | D:9      | Noticed a five-headed hydra
  6943 | D:9      | HP: 5/119 [centaur warrior (3)]
  6943 | D:9      | Noticed a centaur warrior
  6945 | D:9      | Killed a centaur warrior
  6947 | D:9      | XOM: noise
  6948 | D:9      | XOM: divination: detect creatures
  7120 | D:9      | Reached XP level 11. HP: 127/127 MP: 11/11
  7178 | D:9      | HP: 6/127 [centaur warrior/+0 spear (10)]
  7179 | D:9      | Killed a centaur warrior
  7186 | D:9      | HP: 5/127 [kobold brigand/+0 dagger (4)]
  7191 | D:9      | HP: 5/127 [poisoned by a kobold brigand]
  7192 | D:9      | Noticed a centaur warrior
  7326 | D:9      | Noticed a centaur warrior
  7330 | D:9      | XOM: silly message
  7343 | D:9      | Killed a centaur warrior
  7344 | D:9      | Reached skill level 10 in Shields
  7349 | D:9      | XOM: summons friendly white imp
  7351 | D:9      | Killed a centaur warrior
  7352 | D:9      | Reached skill level 5 in Polearms
  7485 | D:9      | XOM: chaos upgrade
  7518 | D:9      | Found a radiant altar of Vehumet.
  7518 | D:9      | Noticed a tengu warrior
  7531 | D:9      | Killed a tengu warrior
  7657 | D:9      | Noticed a boulder beetle
  7664 | D:9      | Killed a boulder beetle
  7793 | D:9      | XOM: swap monsters
  7795 | D:9      | XOM: god gift: 2 lumpy white potions {god gift}
  7879 | D:9      | Noticed a centaur warrior
  7888 | D:9      | XOM: confusion
  7899 | D:9      | Killed a centaur warrior
  7913 | D:9      | XOM: summons 6 hostile demons
  8040 | D:9      | Killed a five-headed hydra
  8128 | D:9      | XOM: give mutations
  8128 | D:9      | Gained mutation: Your mind is acute. (Int +4, Str/Dex -1)
                  | [Xom's mischief]
  8128 | D:9      | Lost mutation: You sometimes lose your temper in combat.
                  | [Xom's mischief]
  8138 | D:9      | XOM: god gift: 1082 gold pieces
  8180 | D:9      | XOM: god gift: 52 gold pieces
  8313 | D:10     | Entered Level 10 of the Dungeon
  8366 | D:10     | Reached skill level 5 in Evocations
  8471 | D:10     | Noticed Maggie
  8492 | D:10     | Killed Maggie
  8567 | D:10     | XOM: polymorph yak -> shapeshifter
  8582 | D:10     | XOM: cleaving
  8625 | D:10     | XOM: god gift: wooden wand {god gift}
  8759 | D:10     | XOM: summons friendly ynoxinul
  8760 | D:10     | Reached XP level 12. HP: 131/137 MP: 12/12
  8778 | D:10     | XOM: silly message
  8858 | D:10     | XOM: give mutations
  8858 | D:10     | Gained mutation: You are mostly covered in iridescent
                  | scales. (AC +4) [Xom's mischief]
  8858 | D:10     | Gained mutation: You have a pair of horns on your head.
                  | [Xom's mischief]
  8858 | D:10     | Gained mutation: You have a pair of large horns on your
                  | head. [Xom's mischief]
  8858 | D:10     | Gained mutation: Your movements are slightly less
                  | encumbered by armour. (ER -2) [Xom's mischief]
  8882 | D:10     | Noticed a two-headed ogre
  8887 | D:10     | Killed a two-headed ogre
  8888 | D:10     | Reached skill level 14 in Fighting
  8937 | D:10     | Noticed Erolcha
  8949 | D:10     | Killed Erolcha
  9288 | D:11     | Found a shimmering altar of Xom.
  9340 | D:11     | Found a staircase to the Orcish Mines.
  9356 | D:11     | Reached skill level 15 in Fighting
  9376 | D:11     | Found Naten's Mayhem Merchandise.
  9559 | D:11     | Noticed a two-headed ogre
  9559 | D:11     | Noticed a two-headed ogre
  9572 | D:11     | Killed a two-headed ogre
  9733 | D:11     | XOM: 1-stop teleportation journey
  9761 | D:11     | Reached skill level 16 in Fighting
  9789 | D:11     | Noticed Maurice
  9789 | D:11     | XOM: 7-stop teleportation journey
  9794 | D:11     | Maurice stole a serpent talisman
  9800 | D:11     | Something stole 3 javelins
  9801 | D:11     | Killed Maurice
  9945 | D:11     | Killed a two-headed ogre
 10032 | D:11     | Reached skill level 17 in Fighting
 10137 | D:11     | XOM: summons 11 friendly demons
 10137 | D:11     | Noticed a fire dragon
 10139 | D:11     | Noticed a centaur warrior
 10165 | D:11     | Killed a centaur warrior
 10174 | D:11     | Paralysed by a hornet for 3 turns
 10177 | D:11     | XOM: noise
 10195 | D:11     | Killed a fire dragon
 10394 | D:11     | XOM: cloud trail
 10408 | D:11     | Identified the ring of the Vendetta {rC+ AC+4 Dex+2}
 10408 | D:11     | Noticed a centaur warrior
 10412 | D:11     | Noticed a centaur warrior
 10412 | D:11     | XOM: swap monsters
 10415 | D:11     | Noticed a boulder beetle
 10417 | D:11     | Killed a centaur warrior
 10418 | D:11     | Reached skill level 18 in Fighting
 10419 | D:11     | Killed a centaur warrior
 10433 | D:11     | Killed a boulder beetle
 10459 | D:11     | Reached XP level 13. HP: 62/161 MP: 13/13
 10942 | D:11     | Identified the +3 flail of the Dozen Quests {speed, rC++
                  | Dex+3}
 10950 | D:11     | Found a shimmering altar of Xom.
 10953 | D:11     | XOM: divination: magic mapping
 10965 | D:11     | Found a shimmering altar of Xom.
 11150 | Lair:1   | Entered Level 1 of the Lair of Beasts
 11185 | Lair:1   | Reached skill level 19 in Fighting
 11229 | Lair:1   | XOM: silly message
 11244 | Lair:1   | XOM: potion effect (berserk rage)
 11319 | D:8      | XOM: silly message
 11476 | Lair:1   | XOM: silly message
 11481 | Lair:1   | XOM: cast spell 'Summon Ice Beast'
 11734 | Lair:1   | Noticed Urug
 11744 | Lair:1   | XOM: noise
 11770 | Lair:1   | Killed Urug
 11790 | Lair:1   | XOM: scenery: summon butterflies
 11799 | Lair:1   | Learned a level 4 spell: Summon Lightning Spire
 11847 | Lair:1   | XOM: 1-stop teleportation journey
 11854 | Lair:1   | XOM: confuse monster(s)
 11861 | Lair:1   | XOM: silly message
 11898 | Lair:1   | XOM: cast spell 'Dispersal'
 11901 | Lair:1   | XOM: scenery: create altars
 11913 | Lair:1   | Reached skill level 1 in Spellcasting
 11916 | Lair:1   | XOM: destruction
 11919 | Lair:1   | Reached skill level 1 in Summonings
 11921 | Lair:1   | Reached skill level 1 in Air Magic
 11952 | Lair:1   | XOM: confuse monster(s)
 11978 | Lair:1   | Identified the +1 long sword of Facicl Alipp {antimagic,
                  | rF+}
 12164 | Lair:1   | Found a snail-covered altar of Cheibriados.
 12181 | Lair:1   | Identified the +12 spear "Goonlot" {flame, *Rage rElec
                  | rCorr Int-4}
 12303 | Lair:2   | XOM: stat loss: -1 Dex (8/9)
 12870 | Lair:2   | XOM: cleaving
 12871 | Lair:2   | XOM: confuse monster(s)
 12908 | Lair:2   | Found a staircase to the Swamp.
 12959 | Lair:2   | XOM: give mutations
 12959 | Lair:2   | Gained mutation: You possess an exceptional clarity of
                  | mind. [Xom's mischief]
 12959 | Lair:2   | Gained mutation: You have a somewhat thin skeletal
                  | structure. (Dex +2, Stealth+) [Xom's mischief]
 13214 | Lair:2   | XOM: god gift: 53 gold pieces
 13429 | Lair:3   | XOM: confuse monster(s)
 13742 | Lair:3   | XOM: potion effect (magic)
 13752 | Lair:3   | XOM: fake destruction
 13758 | Lair:3   | Reached skill level 5 in Spellcasting
 13958 | Lair:3   | XOM: polymorph water moccasin -> rat
 13996 | Lair:3   | XOM: god gift: 65 gold pieces
 14396 | Lair:3   | Found a staircase to the Snake Pit.
 14400 | Lair:3   | XOM: divination: magic mapping
 14521 | Lair:3   | XOM: give mutations
 14521 | Lair:3   | Gained mutation: You expend magic power (3 MP) to
                  | strengthen your wands. [Xom's grace]
 14521 | Lair:3   | Gained mutation: You are robust. (+10% HP) [Xom's grace]
 14521 | Lair:3   | Gained mutation: You passively dampen the noise of your
                  | surroundings. [Xom's grace]
 14586 | Lair:4   | XOM: polymorph yak -> scorpion
 14596 | Lair:4   | XOM: repel stairs
 14597 | Lair:4   | Reached skill level 5 in Summonings
 14597 | Lair:4   | Reached XP level 14. HP: 181/189 MP: 21/21
 14602 | Lair:4   | Reached skill level 5 in Air Magic
 14605 | Lair:4   | XOM: silly message
 14635 | Lair:4   | XOM: noise
 14673 | Lair:4   | Found a gate leading to a gauntlet.
 14682 | Gauntlet | Entered a Gauntlet
 14682 | Gauntlet | Found a transporter.
 14694 | Gauntlet | Found a transporter.
 14707 | Gauntlet | Found a transporter.
 14712 | Gauntlet | Found a transporter.
 14733 | Gauntlet | Found a transporter.
 14746 | Gauntlet | Found a transporter.
 14758 | Gauntlet | Found a transporter.
 14770 | Gauntlet | Found a transporter.
 14776 | Gauntlet | Found a transporter.
 14776 | Gauntlet | Found a transporter.
 14791 | Gauntlet | Found a transporter.
 14803 | Gauntlet | Found a transporter.
 14809 | Gauntlet | Found a transporter.
 14809 | Gauntlet | Found a transporter.
 14848 | Gauntlet | Found a transporter.
 14871 | Gauntlet | XOM: give mutations
 14871 | Gauntlet | Lost mutation: You expend magic power (3 MP) to strengthen
                  | your wands. [Xom's mischief]
 14871 | Gauntlet | Lost mutation: You have a somewhat thin skeletal structure.
                  | (Dex +2, Stealth+) [Xom's mischief]
 14875 | Gauntlet | Found a transporter.
 14895 | Gauntlet | Found a transporter.
 15098 | Gauntlet | Found a transporter.
 15128 | Gauntlet | Identified the +1 hat of Sueseh {rPois rF- Will++ Stlth+}
 15284 | Gauntlet | XOM: scenery: summon butterflies
 15312 | Gauntlet | Identified the ring of Cuekul {rElec rPois SInv Stlth+}
 15335 | Gauntlet | Found the +5 robe of Night {Dark Will+ SInv}
 15627 | Lair:4   | XOM: enchant monster (good)
 15663 | Lair:4   | XOM: enchant monster (good)
 15850 | Lair:4   | XOM: give mutations
 15850 | Lair:4   | Gained mutation: You expend magic power (3 MP) to
                  | strengthen your wands. [Xom's grace]
 15850 | Lair:4   | Gained mutation: You have supernaturally acute eyesight.
                  | (SInv) [Xom's grace]
 15850 | Lair:4   | Gained mutation: Your spells are a little harder to cast,
                  | but a little more powerful. [Xom's grace]
 16088 | Lair:4   | XOM: god gift: 7 stones
 16096 | Lair:4   | XOM: swap monsters
 16260 | Lair:4   | XOM: polymorph butterfly -> troll
 16325 | Lair:4   | XOM: god gift: ring mail {god gift}
 16414 | Lair:5   | XOM: noise
 16414 | Lair:5   | Entered Level 5 of the Lair of Beasts
 16459 | Lair:5   | Identified the +2 cloak "Zeriana" {rN+}
 16459 | Lair:5   | XOM: 4-stop teleportation journey
 16521 | Lair:5   | XOM: god gift: 41 gold pieces
 16605 | Lair:5   | XOM: scenery: create altars
 16659 | Lair:5   | XOM: polymorph yak -> sky beast
 16804 | Lair:5   | Found a staircase to the Slime Pits.
 16895 | Lair:5   | Found a viscous altar of Jiyva.
 16927 | Lair:5   | XOM: noise
 16958 | Lair:5   | a boulder beetle changed into an eleionoma
 16958 | Lair:5   | Noticed an eleionoma
 16958 | Lair:5   | XOM: polymorph boulder beetle -> eleionoma
 16960 | Lair:5   | Killed an eleionoma
 17202 | Lair:5   | XOM: silly message
 17205 | Lair:5   | XOM: give mutation
 17205 | Lair:5   | Lost mutation: You occasionally lose the ability to drink
                  | potions when taking damage. [Xom's mischief]
 17230 | Lair:5   | XOM: divination: detect items
 17317 | Lair:5   | XOM: cleaving
 17325 | Lair:5   | XOM: give mutations
 17325 | Lair:5   | Lost mutation: You are robust. (+10% HP) [Xom's mischief]
 17325 | Lair:5   | Lost mutation: You are mostly covered in iridescent scales.
                  | (AC +4) [Xom's mischief]
 17325 | Lair:5   | Gained mutation: You are vulnerable to cold. (rC-) [Xom's
                  | mischief]
 17325 | Lair:5   | Lost mutation: You have a pair of large horns on your head.
                  | [Xom's mischief]
 17394 | Lair:5   | Reached skill level 20 in Fighting
 17410 | Lair:5   | XOM: summons friendly crimson imp
 17574 | Lair:5   | Reached XP level 15. HP: 110/183 MP: 14/22
 17748 | Lair:5   | Found a large runed translucent door.
 17749 | Lair:5   | Found a large runed translucent door.
 17818 | Lair:5   | XOM: cloud trail
 17955 | Lair:5   | Identified the +0 robe of Pugostrea {rPois Int+3}
 17958 | Lair:5   | XOM: give mutations
 17958 | Lair:5   | Lost mutation: You have a pair of horns on your head.
                  | [Xom's mischief]
 17958 | Lair:5   | Gained mutation: You have a pair of horns on your head.
                  | [Xom's mischief]
 17958 | Lair:5   | Lost mutation: You possess an exceptional clarity of mind.
                  | [Xom's mischief]
 17958 | Lair:5   | Gained mutation: Your system is resistant to poisons.
                  | (rPois) [Xom's mischief]
 18123 | Lair:5   | XOM: give mutation
 18123 | Lair:5   | Gained mutation: You have hidden genetic defects. [Xom's
                  | mischief]
 18479 | D:12     | Found a blossoming altar of Fedhas.
 18494 | D:12     | XOM: blink monster(s)
 19337 | D:13     | XOM: 2-stop teleportation journey
 19722 | D:13     | XOM: enchant monster (bad)
 19745 | D:13     | Gained mutation: Armour fits poorly on your strangely
                  | shaped body. [hidden defects]
 19928 | D:14     | XOM: smoke on damage
 19961 | D:14     | XOM: polymorph deep elf knight -> minotaur
 19965 | D:14     | XOM: confusion (+ monsters)
 20028 | D:14     | Found a gate to the Vaults.
 20039 | D:14     | XOM: confusion
 20091 | D:14     | XOM: scenery: 1 doors close
 20107 | D:14     | Reached skill level 10 in Evocations
 20163 | D:14     | XOM: divination: detect creatures
 20215 | D:14     | XOM: enchant monster (good)
 20455 | D:14     | XOM: potion effect (curing)
 20466 | D:14     | Found a frozen archway.
 20482 | IceCv    | Entered an ice cave
 20482 | IceCv    | XOM: confuse monster(s)
 20507 | IceCv    | Found a transporter.
 20514 | IceCv    | Gained mutation: You sometimes lose your temper in combat.
                  | [hidden defects]
 20514 | IceCv    | Lost mutation: You have hidden genetic defects. [hidden
                  | defects expressed]
 20518 | IceCv    | XOM: scenery: create altars
 20555 | IceCv    | XOM: smoke on damage
 20558 | IceCv    | XOM: cleaving
 20572 | D:14     | XOM: god gift: 6 boomerangs
 20854 | D:14     | XOM: god gift: book of Debilitation
 20931 | D:14     | XOM: confusion (+ monsters)
 21038 | D:14     | Learned a level 6 spell: Summon Cactus Giant
 21096 | D:14     | XOM: 3-stop teleportation journey
 21101 | D:14     | XOM: god gift: condenser vane
 21774 | D:14     | Noticed Rupert
 21779 | D:14     | XOM: summons friendly shadow imp
 21783 | D:14     | XOM: silly message
 21786 | D:14     | Killed Rupert
 22213 | D:15     | XOM: stealth player
 22213 | D:15     | Entered Level 15 of the Dungeon
 22563 | D:15     | XOM: noise
 22576 | D:15     | Found a staircase to the Depths.
 22591 | D:15     | Reached XP level 16. HP: 192/192 MP: 23/23
 22703 | D:15     | XOM: repel stairs
 22817 | D:15     | XOM: destruction
 22828 | D:15     | Found Viludu's Distillery.
 22828 | D:15     | XOM: 3-stop teleportation journey
 22985 | D:15     | XOM: silly message
 22991 | D:15     | Bought a potion of heal wounds for 65 gold pieces
 22991 | D:15     | Bought a potion of mutation for 104 gold pieces
 22991 | D:15     | Bought a potion of haste for 130 gold pieces
 23002 | D:15     | Found a bloodstained altar of Trog.
 23089 | D:15     | XOM: confuse monster(s)
 23102 | D:15     | Reached skill level 10 in Summonings
 23349 | Orc:1    | Entered Level 1 of the Orcish Mines
 23352 | Orc:1    | Noticed Harold
 23362 | Orc:1    | Killed Harold
 23674 | Orc:2    | Entered Level 2 of the Orcish Mines
 23756 | Orc:2    | Found a staircase to the Elven Halls.
 23765 | Orc:2    | Noticed Jorgrun
 23778 | Orc:2    | Killed Jorgrun
 23786 | Orc:2    | XOM: polymorph cactus giant -> oklob plant
 23974 | Orc:2    | XOM: destruction
 23984 | Orc:1    | Noticed Erica
 23986 | Orc:1    | XOM: smoke on damage
 23988 | Orc:1    | XOM: confuse monster(s)
 23997 | Orc:1    | XOM: god gift: potion of mutation
 24316 | Orc:2    | XOM: divine lightning
 24323 | Orc:2    | XOM: polymorph ogre -> kobold
 24333 | Orc:2    | XOM: scenery: create altars
 24374 | Orc:2    | XOM: confuse monster(s)
 24384 | Orc:2    | XOM: summons 8 friendly demons
 24448 | Orc:2    | XOM: give mutations
 24448 | Orc:2    | Lost mutation: You have a pair of horns on your head.
                  | [Xom's mischief]
 24448 | Orc:2    | Lost mutation: Armour fits poorly on your strangely shaped
                  | body. [Xom's mischief]
 24448 | Orc:2    | Lost mutation: You sometimes lose your temper in combat.
                  | [Xom's mischief]
 24448 | Orc:2    | Lost mutation: Your spells are a little harder to cast, but
                  | a little more powerful. [Xom's mischief]
 24593 | Orc:2    | Found Muokhlaod's Antique Weapon Shop.
 24594 | Orc:2    | Found Xaluaq's Assorted Antiques.
 24605 | Orc:2    | Found Daakh's Distillery.
 24634 | Orc:2    | XOM: cast spell 'Summon Mana Viper'
 24878 | Orc:2    | Bought a glowing emerald ring for 170 gold pieces
 24886 | Orc:2    | Found Soihuf's Book Shop.
 24888 | Orc:2    | Bought a potion of heal wounds for 70 gold pieces
 24888 | Orc:2    | Bought a potion of curing for 42 gold pieces
 24888 | Orc:2    | Bought a potion of curing for 42 gold pieces
 24888 | Orc:2    | Bought a potion of curing for 42 gold pieces
 24888 | Orc:2    | Bought a potion of curing for 42 gold pieces
 24888 | Orc:2    | Bought a potion of curing for 42 gold pieces
 24888 | Orc:2    | Bought a potion of haste for 140 gold pieces
 24992 | Orc:2    | XOM: confusion
 25423 | Orc:2    | XOM: polymorph two-headed ogre -> glowing shapeshifter
 25433 | Orc:2    | XOM: god gift: runed scimitar {god gift}
 25523 | Orc:2    | XOM: scenery: create altars
 25559 | Orc:2    | XOM: give mutation
 25559 | Orc:2    | Gained mutation: You are strong-willed. (Will+) [Xom's
                  | grace]
 25901 | Orc:1    | XOM: enchant monster (bad)
 25916 | Orc:1    | Killed Erica
 26306 | Lair:3   | XOM: give mutations
 26306 | Lair:3   | Gained mutation: You have large cloven feet. [Xom's
                  | mischief]
 26306 | Lair:3   | Lost mutation: You have supernaturally acute eyesight.
                  | (SInv) [Xom's mischief]
 26306 | Lair:3   | Lost mutation: You have large cloven feet. [Xom's mischief]
 26325 | Snake:1  | Entered Level 1 of the Snake Pit
 26343 | Snake:1  | Found the amulet of the Four Winds {rN+ Will+++ Clar}
 26390 | Snake:1  | XOM: blink monster(s)
 26490 | Snake:1  | XOM: chaos upgrade
 26553 | Snake:1  | XOM: cloud trail
 26709 | Snake:1  | Identified the +5 long sword of the Lesser Evil {antimagic,
                  | ^Drain rElec rC+ Dex+2}
 26767 | Snake:1  | XOM: summons 5 friendly demons
 26857 | Snake:1  | XOM: 1-stop teleportation journey
 26903 | Snake:1  | XOM: god gift: staff of air
 26926 | Snake:1  | XOM: summons 2 friendly demons
 26932 | Snake:1  | Reached XP level 17. HP: 201/201 MP: 12/24
 27075 | Snake:1  | XOM: summons 2 friendly demons
 27077 | Snake:1  | Identified the +9 great sword of Lure {venom, rPois rF- rN+
                  | rCorr}
 27080 | Snake:1  | XOM: potion effect (haste)
 27554 | Snake:1  | XOM: divination: detect items
 27583 | Snake:1  | XOM: summons 1 hostile shadow creature
 27611 | Snake:1  | XOM: cleaving
 28068 | Snake:1  | XOM: god gift: 4 stones
 28109 | Snake:1  | XOM: cloud trail
 28192 | Snake:1  | XOM: give mutations
 28192 | Snake:1  | Lost mutation: You are partially covered in iridescent
                  | scales. (AC +2) [Xom's mischief]
 28192 | Snake:1  | Gained mutation: You are robust. (+10% HP) [Xom's mischief]
 28192 | Snake:1  | Gained mutation: You occasionally shout uncontrollably at
                  | your foes. [Xom's mischief]
 28644 | Snake:2  | XOM: polymorph naga warrior -> shapeshifter
 28652 | Snake:2  | XOM: confusion (+ monsters)
 28892 | Snake:2  | XOM: summons friendly shadow imp
 28940 | Snake:2  | XOM: noise
 29090 | Snake:2  | XOM: 1-stop teleportation journey
 29100 | Snake:2  | XOM: cleaving
 29104 | Snake:2  | Reached skill level 15 in Summonings
 29506 | Snake:2  | XOM: noise
 29626 | Snake:2  | XOM: polymorph nagaraja -> glowing shapeshifter
 29634 | Snake:2  | a great orb of eyes changed into an acid blob
 29634 | Snake:2  | Noticed an acid blob (glowing shapeshifter)
 29635 | Snake:2  | XOM: summons friendly iron imp
 29637 | Snake:2  | Killed an acid blob
 29862 | Snake:2  | XOM: polymorph cactus giant -> sleepcap
 30236 | Snake:2  | XOM: give mutation
 30236 | Snake:2  | Gained mutation: You are occasionally teleported next to
                  | monsters. [Xom's mischief]
 30297 | Snake:3  | XOM: divination: detect items
 30443 | Snake:3  | XOM: god gift: runed chain mail {god gift}
 30606 | Snake:3  | Noticed Kirke
 30615 | Snake:3  | Killed Kirke
 30997 | Snake:3  | XOM: potion effect (brilliance)
 31353 | Snake:3  | XOM: give mutations
 31353 | Snake:3  | Gained mutation: You possess an exceptional clarity of
                  | mind. [Xom's grace]
 31353 | Snake:3  | Gained mutation: You are agile. (Dex +4, Str/Int -1) [Xom's
                  | grace]
 31688 | Snake:4  | Entered Level 4 of the Snake Pit
 31922 | Snake:4  | XOM: cloud trail
 31940 | Snake:4  | XOM: smoke on damage
 32074 | Snake:4  | Found Icvuraj's Antique Weapon Shoppe.
 32111 | Snake:4  | XOM: 3-stop teleportation journey
 32123 | Snake:4  | XOM: summons 3 friendly demons
 32213 | Snake:4  | Reached XP level 18. HP: 209/231 MP: 25/28
 32217 | Snake:4  | XOM: cloud trail
 32496 | Snake:4  | Reached skill level 1 in Unarmed Combat
 32502 | Snake:4  | XOM: cast spell 'Malign Gateway'
 32626 | Snake:4  | XOM: 1-stop teleportation journey
 32852 | Snake:4  | XOM: enchant monster (bad)
 32874 | Snake:4  | Reached skill level 5 in Unarmed Combat
 32889 | Snake:4  | XOM: summons 2 hostile shadow creatures
 33428 | Snake:4  | XOM: smoke on damage
 33434 | Snake:4  | XOM: summons 10 hostile demons
 33594 | Snake:4  | XOM: give mutations
 33594 | Snake:4  | Lost mutation: You are vulnerable to cold. (rC-) [Xom's
                  | mischief]
 33594 | Snake:4  | Gained mutation: You occasionally lose the ability to drink
                  | potions when taking damage. [Xom's mischief]
 33610 | Snake:4  | XOM: noise
 33614 | Snake:4  | XOM: polymorph naga mage -> wolf
 33636 | Snake:4  | XOM: chaos upgrade
 33767 | Snake:4  | Got a serpentine rune of Zot
 33802 | Snake:4  | XOM: confuse monster(s)
 33832 | Snake:4  | XOM: scenery: 2 doors close
 33836 | Snake:4  | XOM: polymorph nagaraja -> ettin
 34075 | Snake:4  | XOM: give mutations
 34075 | Snake:4  | Gained mutation: You are somewhat resistant to further
                  | mutation. [Xom's grace]
 34075 | Snake:4  | Gained mutation: You have an increased reservoir of magic.
                  | (+10% MP) [Xom's grace]
 34075 | Snake:4  | Gained mutation: You are highly strong-willed. (Will++)
                  | [Xom's grace]
 34075 | Snake:4  | Gained mutation: You are somewhat resistant to both further
                  | mutation and mutation removal. [Xom's grace]
 34166 | Snake:4  | XOM: divination: detect creatures
 34304 | Snake:4  | Reached skill level 10 in Unarmed Combat
 34352 | Snake:4  | Acquired 1247 gold pieces
 34370 | Snake:4  | XOM: summons friendly ice devil
 34769 | Swamp:1  | Entered Level 1 of the Swamp
 34834 | Swamp:1  | XOM: god gift: scroll of noise
 35098 | Swamp:1  | XOM: cloud trail
 35229 | Swamp:1  | XOM: god gift: scroll of poison
 35354 | Swamp:1  | Identified the +2 long sword of Hepliaklqana, Piercing
                  | {spect, Will+ Int+3}
 35436 | Swamp:1  | XOM: scenery: summon butterflies
 35441 | Swamp:1  | XOM: 2-stop teleportation journey
 35527 | Swamp:2  | Identified the serpent talisman "Anwiv" {rElec Will+ Str+4
                  | Dex-2}
 35527 | Swamp:2  | Noticed Aizul
 35552 | Swamp:2  | Killed Aizul
 35841 | Swamp:1  | XOM: give mutations
 35841 | Swamp:1  | Gained mutation: Your spells are a little harder to cast,
                  | but a little more powerful. [Xom's grace]
 35841 | Swamp:1  | Gained mutation: Your mind is very acute. (Int +8, Str/Dex
                  | -2) [Xom's grace]
 35841 | Swamp:1  | Lost mutation: You are somewhat resistant to both further
                  | mutation and mutation removal. [Xom's grace]
 35841 | Swamp:1  | Lost mutation: You are somewhat resistant to further
                  | mutation. [Xom's grace]
 35841 | Swamp:1  | Gained mutation: You have hidden genetic potential. [Xom's
                  | grace]
 35866 | Swamp:2  | XOM: scenery: summon butterflies
 35891 | Swamp:2  | Paralysed by a hornet for 2 turns
 36235 | Swamp:2  | Noticed Nikola
 36250 | Swamp:2  | Killed Nikola
 36345 | Swamp:2  | Noticed Frances
 36410 | Swamp:2  | Killed Frances
 36472 | Swamp:2  | Found a runed translucent door.
 36483 | Swamp:2  | Noticed TobyConnect's ghost (adept TeAE)
 36483 | Swamp:2  | Found the +3 giant club "Skullcrusher" {speed, Str+7}
 36553 | Swamp:2  | XOM: confuse monster(s)
 36587 | Swamp:2  | XOM: divination: detect creatures
 36764 | Swamp:2  | XOM: silly message
 36815 | Swamp:2  | XOM: polymorph cactus giant -> ballistomycete
 36946 | Swamp:2  | XOM: noise
 36947 | Swamp:2  | XOM: confuse monster(s)
 36951 | Swamp:2  | XOM: polymorph alligator -> lindwurm
 36958 | Swamp:2  | XOM: potion effect (might)
 37120 | Swamp:2  | XOM: give mutations
 37120 | Swamp:2  | Lost mutation: You occasionally lose the ability to drink
                  | potions when taking damage. [Xom's mischief]
 37120 | Swamp:2  | Lost mutation: You are agile. (Dex +4, Str/Int -1) [Xom's
                  | mischief]
 37300 | Swamp:3  | why
 37301 | Swamp:3  | "occasionally"
 37420 | Swamp:3  | XOM: smoke on damage
 37421 | Swamp:3  | XOM: potion effect (magic)
 37510 | Swamp:3  | Reached XP level 19. HP: 112/240 MP: 25/32
 37701 | Swamp:3  | Found a runed translucent door.
 37765 | Swamp:3  | XOM: 3-stop teleportation journey
 38198 | Swamp:3  | Noticed makewrite's ghost (adept MiFi)
 38498 | Swamp:4  | XOM: noise
 38498 | Swamp:4  | Entered Level 4 of the Swamp
 38505 | Swamp:4  | Noticed Mara
 38510 | Swamp:4  | XOM: scenery: summon butterflies
 38775 | Swamp:4  | Reached skill level 5 in Dodging
 38775 | Swamp:4  | XOM: enchant monster (good)
 38798 | Swamp:4  | XOM: summons 2 friendly demons
 38916 | Swamp:4  | XOM: 2-stop teleportation journey
 38920 | Swamp:4  | XOM: divination: detect items
 38957 | Swamp:4  | XOM: cleaving
 39139 | Swamp:3  | XOM: give mutations
 39139 | Swamp:3  | Lost mutation: Your movements are slightly less encumbered
                  | by armour. (ER -2) [Xom's mischief]
 39139 | Swamp:3  | Lost mutation: Your spells are a little harder to cast, but
                  | a little more powerful. [Xom's mischief]
 39559 | Swamp:4  | Found the +2 hood of the Assassin {Detect Stab+ Stlth++}
 39624 | Swamp:4  | XOM: polymorph five-headed hydra -> eye of devastation
 39639 | Swamp:4  | Noticed the 27-headed Lernaean hydra
 39650 | Swamp:4  | XOM: cast spell 'Discord'
 39652 | Swamp:4  | HP: 7/240 [the 27-headed Lernaean hydra (11)]
 39652 | Swamp:4  | Slain by the 27-headed Lernaean hydra

Illustrated notes * * * * * ** , ~ ♣.... .~~~$ , ,,~~~~. ** ~ ~~~~.♣♣*~ ~ ~ ~ ~~~~.§♣♣~~~~ ~ , ♣~~~.@/..k~ ♣~~.~~~..~~ * ~...~~~~~~.. ..~~~~~~.)~ ~ , * *..~~~~~.♣.. , * +...~~~~.~♣♣ * *~ ~ * * ~ * , , * ~ * Turn 37300 on Swamp:3: why

* * * *
♣♣♣♣.~~.~ ~
♣♣.....~~
♣.~§~$.. ,
,.~~~~..** ~
, ~~~~○x♣♣*~
~ ~ ~
~~~~○@○♣♣~~~~
~ , ,
♣♣~○○○○°☼○k~
♣~~.~~○..~~ *
~...~~~~~~..
#..~~~~~~.)~
~ , * *
#..~§~~~.♣..
, *
+...~~~~.~♣♣
* * *~ ~ * *
~ * , ,


Turn 37301 on Swamp:3: "occasionally"

Levels and vault maps discovered:
D:1:      minmay_arrival_shattered_statue, layout_basic
D:2:      layout_basic, uniq_jessica
D:3:      layout_loops_ring, old_standard_altar, uniq_robin
D:4:      layout_gridville
D:5:      layout_loops_ring, serial_shops, nicolae_shop_behind_doors
D:6:      layout_basic, chequers_serial_rivers_room_b,
          kennysheep_generic_room_4, uniq_edmund
D:7:      layout_basic, mainiacjoe_overflow_alcove_1,
          minmay_temple_entry_junction, chequers_serial_rivers_micro_b,
          kennysheep_decorative_pillar, kennysheep_flooded_box,
          wad_woods_river_04
D:8:      layout_basic, minitemple, mainiacjoe_overflow_catwalk,
          kennysheep_mini_moat, nicolae_overflow_hallway_of_the_gods,
          david_lair_shrubbed, uniq_grum, uniq_pikel
D:9:      layout_loops_ring, nicolae_vehumet_radiance,
          hangedman_decor_clover_reticule, minivault_28
D:10:     layout_basic, chequers_serial_rivers_micro_b, minivault_27,
          uniq_erolcha, uniq_maggie
D:11:     minmay_the_grid_triangle_9x9_line_8_mashed
          [minmay_the_grid_triangle_9x9_alien,
          minmay_the_grid_triangle_9x9_corrupted_corridor,
          minmay_the_grid_triangle_9x9_zippers_horizontal,
          minmay_the_grid_triangle_9x9_limited_checkers,
          minmay_the_grid_triangle_9x9_windchime,
          minmay_the_grid_triangle_9x9_pentomino_pain,
          minmay_the_grid_triangle_9x9_sparse_checkered,
          minmay_the_grid_triangle_9x9_prize_insulated], layout_basic,
          david_orc_2, minmay_shop_mayhem, xom_redecorated, uniq_maurice
D:12:     layout_loops_ring, fungi_pond_lemuel, minivault_27,
          minmay_misc_feat_pillars, minmay_ruined_shrine
D:13:     layout_loops_ring
D:14:     layout_long_grid, grunt_vaults_entry_fortified,
          portal_ice_cave_entry_frozen_things, abandoned_shop, uniq_rupert
D:15:     gammafunk_depths_entry_grave, layout_irregular_city, serial_shops,
          nicolae_shop_tiny_statue_garden, trog_three_pillars_becter,
          patterned_corridor
Lair:1:   layout_hall_layers, basic_altar, uniq_urug
Lair:2:   layout_regular_city, nicolae_swamp_entry_splash_gauntlet,
          serial_bayou_shore_b, infiniplex_staircase_pool_2
Lair:3:   layout_cave_pods, nicolae_snake_entry_warm_welcome,
          amcnicky_mini_pool_medium
Lair:4:   layout_hall_layers, gauntlet_entry_generic,
          nicolae_quartered_pool_little, dreamdust_wasp_nest,
          lemuel_fruit_fields
Lair:5:   cheibrodos_lair_end_hotspot, layout_small_grid,
          nicolae_slime_entry_field_trip
Swamp:1:  layout_falls_marsh, evilmike_swamp_ruin_house_2
Swamp:2:  layout_basic_swamp, gammafunk_ghost_grave,
          evilmike_swamp_ruin_house_3, swamp_pool_3,
          nicolae_swamp_necromancer_hut, infiniplex_staircase_pool, uniq_aizul,
          uniq_frances, uniq_nikola
Swamp:3:  nicolae_swamp_ascending_descending_big, layout_basic_swamp,
          ebering_ghost_inner_flame, hangedman_swamp_blocks
Swamp:4:  swamp_old_school, layout_basic_swamp, swamp_pool_1_2, uniq_mara
Snake:1:  layout_chambers, grunt_megastairs_3
Snake:2:  layout_cave_town, nicolae_triple_integral, grunt_megastairs_4
Snake:3:  layout_onion_interference, nicolae_snake_gridmaze_big_u, uniq_kirke
Snake:4:  grunt_snake_rune_pools, layout_gridlike, serial_shops, shop,
          nicolae_snake_herptile_family_reunion
Orc:1:    layout_caves, basic_altar, uniq_harold, uniq_erica
Orc:2:    st_orc_open, layout_diamond_mine, nicolae_orc_lava_tube, uniq_jorgrun

Skill      XL: |  1  2  3  4  5  6  7  8  9 10 11 12 13 14 15 16 17 18 19 |
---------------+----------------------------------------------------------+-----
Fighting       | 5 6 7 8 10 12 13 18 19 20 | 20.0
Maces & Flails | 4 |  4.0
Shapeshifting  | 1 2 4 5 6 |  6.9
Polearms       | 4 5 6 8 |  8.0
Shields        | 4 9 10 12 | 12.0
Evocations     | 6 7 11 12 | 12.0
Spellcasting   | 5 7 |  7.0
Summonings     | 5 8 9 13 15 | 15.0
Air Magic      | 4 7 |  7.0
Unarmed Combat | 12 13 | 13.4
Dodging        | 4 5 |  5.8

Action                     |  1- 3 |  4- 6 |  7- 9 | 10-12 | 13-15 | 16-18 | 19-21 || total
---------------------------+-------+-------+-------+-------+-------+-------+-------++-------
  Melee: Mace              |    73 |    22 |       |       |       |       |       ||    95
         Headbutt          |     6 |    23 |    45 |    87 |   273 |   338 |    63 ||   835
         Flail             |       |   127 |   223 |       |   140 |       |       ||   490
         Punch             |       |     3 |     7 |     1 |       |       |       ||    11
         Trident           |       |       |    50 |   446 |    10 |       |       ||   506
         Spear             |       |       |       |       |  1030 |  1532 |   173 ||  2735
  Throw: Dart              |       |       |     2 |     7 |     2 |       |       ||    11
   Cast: Summon Lightning  |       |       |       |       |    38 |    39 |     6 ||    83
         Summon Cactus Gia |       |       |       |       |       |    95 |    16 ||   111
  Evoke: Wand              |       |       |     2 |     6 |     3 |    16 |    13 ||    40
         Box of beasts     |       |       |       |       |     2 |     2 |     1 ||     5
         Lightning rod     |       |       |       |       |     1 |       |     1 ||     2
         Phial of floods   |       |       |       |       |     1 |     1 |       ||     2
         Condenser vane    |       |       |       |       |       |     1 |       ||     1
    Use: Scroll            |       |    10 |     2 |     4 |    10 |    12 |     4 ||    42
         Potion            |       |     2 |     3 |     9 |    10 |    15 |     1 ||    40
   Stab: Sleeping          |     1 |       |       |       |     3 |     2 |       ||     6
         Confused          |       |     1 |       |     1 |     6 |     4 |       ||    12
         Petrified         |       |       |     4 |       |       |       |       ||     4
         Distracted        |       |       |       |       |     5 |     5 |     3 ||    13
         Betrayed ally     |       |       |       |       |     1 |       |       ||     1
 Armour: Robe              |    55 |   157 |   138 |       |   519 |   828 |   213 ||  1910
         Steam dragon scal |       |       |   151 |    40 |       |       |       ||   191
         Acid dragon scale |       |       |       |   363 |   219 |       |       ||   582
  Dodge: Dodged            |    38 |    70 |   186 |   144 |   254 |   280 |    70 ||  1042
  Block: Kite shield       |       |       |       |   238 |  1099 |   801 |       ||  2138
         Reflection        |       |       |       |     9 |    48 |    94 |       ||   151
         Tower shield      |       |       |       |       |       |   479 |   240 ||   719

Table legend: (Time is in decaauts)
 A = Elapsed time spent in this place.
 B = Non-inter-level travel time spent in this place.
 C = Inter-level travel time spent in this place.
 D = Time resting spent in this place.
 E = Time spent auto-exploring this place.
 F = Levels seen in this place.
 G = Mean time per level.
                   A        B        C        D        E       F      G
               +--------+--------+--------+--------+--------+-----+--------+
         Total |  40580 |  38969 |   1611 |  12601 |  17502 |  32 | 1268.1 |
       Dungeon |  16956 |  16284 |    672 |   4204 |   8600 |  15 | 1130.4 |
          Lair |   6192 |   5777 |    415 |   1169 |   3121 |   5 | 1238.4 |
         Swamp |   4842 |   4779 |     63 |   2153 |   1651 |   4 | 1210.5 |
     Snake Pit |   8607 |   8272 |    335 |   3682 |   2789 |   4 | 2151.8 |
  Orcish Mines |   3021 |   2896 |    125 |   1166 |   1009 |   2 | 1510.5 |
      Ice Cave |     99 |     99 |      0 |     13 |      0 |   1 |   99.0 |
      Gauntlet |    860 |    860 |      0 |    212 |    331 |   1 |  860.0 |
               +--------+--------+--------+--------+--------+-----+--------+

Top non-repeatable levels by time:
 Snake:4: 2497 daAuts
    D:14: 2173 daAuts
 Snake:1: 2141 daAuts
 Snake:2: 2111 daAuts
   Orc:2: 1998 daAuts
    D:11: 1989 daAuts
 Swamp:3: 1941 daAuts
 Snake:3: 1857 daAuts
     D:8: 1753 daAuts
  Lair:5: 1713 daAuts
     D:9: 1394 daAuts
     D:7: 1382 daAuts
 Swamp:1: 1321 daAuts
  Lair:3: 1262 daAuts
  Lair:2: 1224 daAuts
